Map: King's Cove LE

Players

ShoWTimE - Winner!

  • Race: Protoss Protoss
  • Spawn Location: 11:00

Lisandro

  • Race: Protoss Protoss
  • Spawn Location: 5:00

Event: 2019 WCS Summer

VOD

Have the link to the VOD?

Description

Time

  • Played on: July 12, 2019, 6:26 a.m.
  • Length: 12:16

All games in this series

Show
View Real Time Build Order
Export as new Build Order

ShoWTimE Protoss - Winner!

Build Orders: Phoenix Opening, Zealot Archon 

Get SALT Encoding   

  12  0:00  Probe  
  13  0:12  Probe  
  14  0:17  Pylon  
  14  0:24  Probe  
  15  0:32  Probe  
  15  0:37  Gateway  
  15  0:40  Probe  
  16  0:46  Assimilator  
  17  0:51  Probe  
  17  0:56  Assimilator  
  18  1:00  Probe  
  19  1:08  Probe  
  19  1:12  Gateway  
  19  1:17  Probe  
  21  1:26  Cybernetics Core  
  21  1:30  Probe  
  22  1:37  Pylon  
  22  1:42  Probe  
  23  1:55  Probe  
  24  2:03  Stalker, Sentry, Warp Gate  
  28  2:14  Pylon  
  30  2:36  Phoenix  
  32  2:37  Stargate  
  32  2:50  Nexus  
  28  2:55  Probe  
  29  2:58  Stalker  
  31  3:07  Probe  
  32  3:18  Phoenix  
  32  3:19  Probe  
  35  3:31  Probe  
  35  3:33  Shield Battery  
  36  3:36  Phoenix  
  36  3:38  Pylon  
  36  3:43  Probe  
  39  3:56  Probe  
  39  3:59  Phoenix  
  39  4:00  Probe  
  42  4:08  Probe  
  42  4:09  Probe  
  45  4:17  Sentry, Probe  
  45  4:21  Probe  
  49  4:25  Phoenix  
  49  4:26  Probe  
  52  4:33  Probe  
  52  4:34  Probe  
  52  4:36  Robotics Facility  
  53  4:43  Probe, Shield Battery  
  53  4:45  Probe  
  55  4:52  Phoenix  
  58  4:56  Probe  
  58  4:57  Probe, Pylon  
  60  5:00  Assimilator  
  60  5:02  Assimilator  
  60  5:08  Probe, Forge  
  60  5:09  Probe  
  62  5:19  Phoenix  
  62  5:20  Probe  
  65  5:21  Probe  
  65  5:27  Twilight Council, Pylon  
  66  5:34  Observer  
  67  5:38  Observer, Pylon  
  67  5:48  Gateway x2  
  67  5:52  Gateway  
  67  5:53  Protoss Ground Weapons Level 1  
  67  5:55  Gateway  
  67  6:02  Gateway  
  67  6:05  Gateway  
  67  6:12  Stalker  
  67  6:13  Stalker  
  71  6:19  Templar Archives  
  71  6:20  Phoenix  
  71  6:23  Shield Battery  
  71  6:30  Shield Battery  
  73  6:37  Stalker  
  74  6:42  Stalker  
  76  6:48  Stalker x2  
  80  6:59  Stalker x3  
  84  7:07  Zealot x2  
  83  7:14  Photon Cannon  
  85  7:20  Pylon  
  83  7:35  Photon Cannon  
  83  7:36  Photon Cannon  
  83  7:41  High Templar x2  
  87  7:46  Archon, Nexus  
  87  7:50  High Templar x2, Protoss Ground Weapons Level 2  
  90  7:52  Probe x2  
  90  7:54  Archon  
  92  7:58  Zealot  
  94  8:20  Pylon  
  94  8:22  Pylon  
  94  8:27  Photon Cannon  
  94  8:30  Pylon  
  94  8:31  Warp Prism  
  94  8:38  Probe x2  
  98  8:42  Zealot x2, High Templar x2  
  98  8:46  Archon  
  104  8:50  Probe x2  
  104  8:52  Charge  
  106  8:57  Pylon  
  106  8:58  Probe  
  109  9:02  Probe x2  
  109  9:07  Zealot x4, High Templar x2  
  121  9:10  Probe  
  121  9:11  Archon  
  121  9:15  Probe  
  122  9:18  Probe  
  122  9:22  Probe  
  124  9:24  Photon Cannon  
  119  9:40  Probe x3  
  122  9:51  Photon Cannon  
  122  9:53  Shield Battery, High Templar x2  
  122  9:58  Zealot x5, Archon  
  136  10:01  Probe  
  136  10:02  Probe  
  135  10:13  Pylon  
  135  10:14  Warp Prism  
  135  10:16  Pylon  
  135  10:19  High Templar  
  135  10:20  High Templar  
  141  10:26  Archon  
  141  10:29  Probe x3  
  144  10:37  Probe x3  
  144  10:42  Assimilator  
  147  10:45  Probe x2  
  147  10:46  Probe, Assimilator  
  147  10:47  Pylon  
  150  10:54  Pylon  
  150  10:58  Pylon  
  150  11:00  Phoenix  
  150  11:03  Nexus  
  150  11:09  Pylon  
  150  11:16  Stalker x2  
  150  11:17  Stalker x2  
  158  11:19  Pylon  
  158  11:23  Stalker x2  
  162  11:34  Photon Cannon  
  162  11:40  Stalker x2  
  162  11:41  Stalker x2  
  170  11:51  Stalker x3  
  176  11:57  Pylon  
  176  12:12  Stalker x5  
Show
View Real Time Build Order
Export as new Build Order

Lisandro Protoss 

Build Orders: Phoenix Opening, Mass Phoenix 

Get SALT Encoding   

  12  0:00  Probe  
  13  0:12  Probe  
  14  0:18  Pylon  
  14  0:23  Probe  
  15  0:32  Probe  
  15  0:38  Gateway  
  15  0:40  Probe  
  16  0:47  Assimilator  
  17  0:51  Probe  
  17  0:56  Assimilator  
  18  1:00  Probe  
  19  1:08  Probe  
  19  1:14  Gateway  
  19  1:18  Probe  
  21  1:27  Cybernetics Core  
  21  1:32  Probe  
  22  1:38  Pylon  
  22  1:44  Probe  
  23  1:56  Probe  
  24  2:03  Warp Gate  
  24  2:04  Sentry, Adept  
  28  2:11  Probe  
  29  2:17  Pylon  
  29  2:25  Pylon  
  29  2:32  Stargate  
  29  2:38  Adept  
  31  2:45  Probe  
  32  3:02  Probe  
  33  3:10  Nexus  
  36  3:22  Robotics Facility  
  36  3:29  Pylon  
  36  3:30  Probe  
  37  3:34  Phoenix  
  36  3:46  Probe  
  37  3:56  Phoenix  
  37  3:57  Assimilator  
  37  3:58  Probe  
  40  4:10  Probe  
  40  4:13  Phoenix  
  40  4:14  Stargate  
  41  4:22  Probe  
  44  4:28  Probe  
  45  4:31  Adept  
  45  4:34  Probe  
  45  4:36  Phoenix  
  48  4:40  Probe  
  51  4:47  Probe  
  53  4:58  Pylon  
  53  4:59  Probe, Phoenix  
  54  5:02  Phoenix  
  54  5:04  Probe  
  58  5:11  Probe  
  58  5:13  Adept  
  61  5:16  Probe  
  61  5:19  Gateway  
  61  5:20  Phoenix  
  64  5:29  Phoenix  
  66  5:44  Adept  
  66  5:45  Phoenix, Pylon  
  66  5:48  Pylon  
  70  5:53  Pylon  
  70  5:56  Phoenix  
  72  6:05  Adept x2  
  75  6:14  Adept  
  75  6:15  Phoenix  
  79  6:21  Probe x2  
  79  6:23  Pylon  
  81  6:35  Adept  
  81  6:36  Adept, Phoenix  
  87  6:43  Phoenix  
  83  6:51  Probe  
  78  7:01  Phoenix  
  70  7:08  Probe  
  70  7:11  Robotics Facility  
  70  7:12  Assimilator  
  65  7:16  Zealot x3, Twilight Council  
  65  7:18  Probe  
  65  7:20  Probe  
  73  7:28  Shield Battery  
  73  7:30  Probe  
  73  7:31  Phoenix  
  73  7:33  Probe  
  73  7:34  Phoenix  
  73  7:37  Forge  
  79  7:55  Dark Shrine  
  79  8:03  Charge  
  79  8:07  Immortal  
  79  8:19  Nexus  
  83  8:21  Zealot  
  83  8:26  Phoenix  
  87  8:31  Phoenix  
  89  8:38  Pylon  
  89  8:42  Robotics Bay  
  89  8:58  Robotics Facility  
  89  9:17  Probe  
  89  9:22  Probe  
  95  9:28  Dark Templar x2  
  97  9:36  Disruptor x2  
  91  9:50  Shield Battery  
  91  9:52  Shield Battery  
  91  9:53  Shield Battery  
  91  9:54  Shield Battery  
  91  9:55  Shield Battery, Archon  
  91  9:56  Probe  
  91  9:58  Shield Battery  
  92  10:06  Probe  
  93  10:08  Pylon  
  93  10:09  Disruptor  
  93  10:10  Disruptor  
  97  10:22  Stalker x3  
  97  10:23  Probe  
  104  10:32  Probe  
  104  10:33  Photon Cannon  
  104  10:35  Probe  
  106  10:37  Disruptor, Probe  
  106  10:38  Photon Cannon  
  107  10:48  Zealot  
  107  10:49  Zealot, Probe  
  115  10:53  Disruptor, Probe, Gateway  
  115  10:56  Gateway  
  119  11:06  Probe x2, Gateway  
  119  11:07  Gateway  
  119  11:11  Assimilator  
  121  11:12  Disruptor  
  121  11:13  Assimilator  
  124  11:22  Pylon  
  124  11:23  Pylon  
  124  11:26  Probe  
  124  11:30  Disruptor  
  125  11:39  Disruptor  
  131  11:40  Probe x3  
  131  11:43  Gateway  
  131  11:44  Gateway  
  131  11:54  Pylon  
  134  11:59  Zealot x2  
Tags
 
Add a new tag
Caveats
  • Supply blocks, unpowered buildings, or Contaminate may cause inaccurate times.
  • Supply counts are checked every 10 seconds.